 Dungeon Crawl Stone Soup version 0.29-a0-477-g62b78b4225 (webtiles) character file.

Game seed: 11956431460913434295

64 jlumianski the Skirmisher (level 3, -2/30 HPs)
             Began as a Demonspawn Fighter on May 25, 2022.
             Slain by a gnoll
             ... wielding a +0 flail
              (11 damage)
             ... on level 3 of the Dungeon.
             The game lasted 00:05:13 (1655 turns).

jlumianski the Skirmisher (Demonspawn Fighter)      Turns: 1655, Time: 00:05:14

Health: -2/30      AC:  6    Str: 18    XL:     3   Next: 91%
Magic:  3/3        EV:  9    Int:  9    God:
Gold:   90         SH:  4    Dex: 12    Spells: 2/2 levels left

rFire   . . .      SeeInvis .   a - +0 war axe
rCold   . . .      Faith    .   c - +0 buckler
rNeg    . . .      Spirit   .   b - +0 scale mail
rPois   .          Reflect  .   (no helmet)
rElec   .          Harm     .   (no cloak)
rCorr   .          Rampage  .   (no gloves)
Will    .....                   (no boots)
Stlth   ..........              (no amulet)
HPRegen 0.10/turn               (no ring)
MPRegen 0.08/turn               (no ring)

@: no status effects
A: ignite blood 1
a: no special abilities


You were on level 3 of the Dungeon.
You visited 1 branch of the dungeon, and saw 3 of its levels.

You collected 90 gold pieces.

Inventory:

Hand Weapons
 a - a +0 war axe (weapon)
Missiles
 g - 78 stones (quivered)
Armour
 b - a +0 scale mail (worn)
 c - a +0 buckler (worn)
Scrolls
 h - a scroll of teleportation {unknown}
 j - a scroll of immolation {unknown}
 k - a scroll of enchant weapon {unknown}
 l - 2 scrolls of fog {unknown}
 n - a scroll of amnesia {unknown}
Potions
 d - a potion of might
 e - a potion of haste {unknown}
 f - a potion of magic {unknown}
 i - 3 potions of curing {unknown}
 m - a potion of heal wounds {unknown}


   Skills:
 + Level 3.6 Fighting
 + Level 2.6 Axes
 + Level 3.1 Armour
 + Level 0.1 Dodging
 + Level 3.0 Shields


You had 2 spell levels left.
You didn't know any spells.
Your spell library was empty.

Dungeon Overview and Level Annotations

Branches:
Dungeon (3/15)

Altars:


Innate Abilities, Weirdness & Mutations

Your demonic aura sometimes causes spilled blood to erupt in flames.


Message History

Your Armour skill increases to level 3!
You closely miss the gnoll. You block the gnoll's attack.
A gnoll comes into view. It is wielding a +0 flail.
The gnoll closely misses you.
The gnoll moves out of view.
You hit the gnoll.
The gnoll is moderately wounded.
You block the gnoll's attack.
You barely miss the gnoll.
The gnoll is moderately wounded.
The gnoll hits you with a +0 club.
You barely miss the gnoll.
The gnoll is moderately wounded.
You block the gnoll's attack. The gnoll hits you with a +0 club.
You slash the gnoll!
The gnoll is almost dead.
The gnoll hits you with a +0 club.
You slash the gnoll!
You kill the gnoll!
Your Shields skill increases to level 3!
Things that are here:
a +0 club; a gnoll corpse
g - 78 stones (gained 20)
The gnoll shouts!
You hear a shout!
Things that are here:
a +0 club; a gnoll corpse A gnoll comes into view.
It is wielding a +0 flail.
The gnoll shouts!
The gnoll hits you with a +0 flail.
You hit the gnoll.
The gnoll is moderately wounded.
The gnoll barely misses you.
You hit the gnoll.
The gnoll is severely wounded.
The gnoll hits you with a +0 flail!
* * * LOW HITPOINT WARNING * * *
The gnoll barely misses you.
You slash the gnoll!
You kill the gnoll!
You closely miss the gnoll. The gnoll hits you with a +0 flail!
You die...

##########
#........#####
#.............
+..)..@○.###
#...)..g......
#<.......#####
#.#+#+#.## #.#
.# #.# .# #.#
.# ... .. #.#


You could see a gnoll.

Vanquished Creatures
  An adder (D:2)
  3 gnolls (D:3)
  A dart slug (D:1)
  2 ball pythons (D:1)
  3 bats
  A bat skeleton (D:2)
  2 endoplasms
  2 giant cockroaches
  A goblin (D:1)
  4 hobgoblins
  A quokka (D:1)
  2 ball python skeletons (D:2)
  4 frilled lizards (D:1)
  5 kobolds (D:1)
  A quokka skeleton (D:2)
  A rat (D:2)
34 creatures vanquished.

Notes
Turn   | Place    | Note
-------+----------+-------------------------------------------
     0 | D:1      | jlumianski the Demonspawn Fighter began the quest for the
                  | Orb.
     0 | D:1      | Reached XP level 1. HP: 18/18 MP: 1/1
   311 | D:1      | Found a faded altar of an unknown god.
   463 | D:1      | Gained mutation: Your demonic aura sometimes causes spilled
                  | blood to erupt in flames. [demonic ancestry]
   463 | D:1      | Reached XP level 2. HP: 24/24 MP: 2/2
  1109 | D:2      | Reached XP level 3. HP: 19/29 MP: 3/3
  1655 | D:3      | Slain by a gnoll

Illustrated notes

Levels and vault maps discovered:
D:1:      minmay_arrival_stone_box, layout_basic,
          hellmonk_ecumenical_altar_pennies_from_heaven, minmay_pentomino_x4
D:2:      layout_loops_ring, serial_undead, serial_undead_e, serial_undead_e,
          serial_undead_e, serial_undead_f, serial_undead_f, serial_undead_c,
          kennysheep_boxes
D:3:      layout_basic, kennysheep_vampire_church, portal_sewer_entry_f,
          serial_shops, nicolae_diamond_shop, gammafunk_ghost_stat_death,
          uniq_natasha

Skill      XL: |  1  2  3 |
---------------+----------+-----
Axes           | 2 |  2.6
Armour         | 3 |  3.1
Shields        | 3 |  3.0
Fighting       | |  3.6
Dodging        | |  0.1

Action                   || total
-------------------------++-------
Melee: War axe           ||   113
Armor: Scale mail        ||    72
Dodge: Dodged            ||    65
Block: Buckler           ||    26

Table legend: (Time is in decaauts)
 A = Elapsed time spent in this place.
 B = Non-inter-level travel time spent in this place.
 C = Inter-level travel time spent in this place.
 D = Time resting spent in this place.
 E = Time spent auto-exploring this place.
 F = Levels seen in this place.
 G = Mean time per level.
                   A        B        C        D        E       F      G
               +--------+--------+--------+--------+--------+-----+--------+
         Total |   1709 |   1677 |     32 |    223 |    582 |   3 |  569.7 |
       Dungeon |   1709 |   1677 |     32 |    223 |    582 |   3 |  569.7 |
               +--------+--------+--------+--------+--------+-----+--------+

Top non-repeatable levels by time:
     D:1: 994 daAuts
     D:2: 687 daAuts
     D:3: 27 daAuts
